[Event "Late-Titled-Tuesday-Blitz-May-14-2024"]
[Site "Chess.com"]
[Date "2024.05.14"]
[Round "4"]
[White "sergeikim"]
[Black "ClauAmura"]
[Result "1/2-1/2"]
[WhiteElo "2607"]
[BlackElo "2311"]
[TimeControl "180+1"]
[EndTime "14:38:19 PDT"]
[Termination "Game drawn by repetition"]

1. d4 d5 2. c4 e6 3. Nc3 Be7 4. Nf3 Nf6 5. Bf4 c6 6. e3 O-O 7. c5 Nh5 8. Be5 Nd7 9. Bd3 Nxe5 10. Nxe5 Nf6 11. O-O g6 12. b4 Nd7 13. f4 f6 14.
Nf3 e5 15. fxe5 fxe5 16. dxe5 Qc7 17. e4 Nxe5 18. exd5 Nxf3+ 19. Rxf3 Qe5 20. Rxf8+ Bxf8 21. Qe1 Qd4+ 22. Kh1 Qxd3 23. Rd1 Qc4 24. d6 Bd7 25. Ne4 Bg7 26. Rc1 Qe6 27. Ng5 Qxe1+ 28. Rxe1 Re8 29. Rf1 h6 30. Nf3 Re2 31. a3 g5 32. h3 Bb2 33.
a4 Re4 34. Rf2 Rxb4 35. Re2 Bf6 36. Ne5 Bxe5 37. Rxe5 Rf4 38. a5 Rf5 39. Re7 Rf7 40.
Re5 Kf8 41. Re3 Rf5 42. Re7 Rf7 43. Re3 Rf1+ 44. Kh2 Rf5 45. Re7 Rf7 46. Re3 Bf5 47.
g4 Bd7 48. Kg3 Rf6 49. Re7 Rf7 50. Re3 Rf6 51. Re7 Rf7 52. Re3 1/2-1/2

[Event "Late-Titled-Tuesday-Blitz-May-14-2024"]
[Site "Chess.com"]
[Date "2024.05.14"]
[Round "4"]
[White "MaxLeto"]
[Black "GelmanAlexander"]
[Result "0-1"]
[WhiteElo "2392"]
[BlackElo "2668"]
[TimeControl "180+1"]
[EndTime "14:38:20 PDT"]
[Termination "GelmanAlexander won on time"]

1. g4 c5 2. Bg2 d6 3. h3 h6 4. d4 cxd4 5. Qxd4 Nc6 6. Qa4 Bd7 7.
Nf3 Nf6 8. Qb3 Qc7 9. Nc3 a6 10. a4 e6 11. Bf4 Rc8 12. Rd1 Na5 13. Qa2 Nc4 14. O-O Be7 15. Rd3 e5 16. b3 Na5 17.
Bd2 e4 18. Re3 exf3 19. Bxf3 Be6 20. Ne4 Nd5 21. Rd3 Nc6 22. c4 Ndb4 23. Bxb4 Nxb4 24. Qd2 Nxd3 25. exd3 O-O 26. h4 Bxh4 27. Bg2 d5 28.
Nc3 dxc4 29. bxc4 Rfd8 30. Be4 Bxc4 31. Qe3 Bxd3 32. Bxd3 Qxc3 33. Bh7+ Kxh7 34. Qe4+ Kg8 0-1

[Event "Late-Titled-Tuesday-Blitz-May-14-2024"]
[Site "Chess.com"]
[Date "2024.05.14"]
[Round "4"]
[White "rdarruda"]
[Black "munozmiguelangel1982"]
[Result "1-0"]
[WhiteElo "2513"]
[BlackElo "2259"]
[TimeControl "180+1"]
[EndTime "14:38:21 PDT"]
[Termination "rdarruda won by resignation"]

1. d4 Nf6 2. Nf3 g6 3. Nc3 Bg7 4. e4 d6 5. Bg5 Nbd7 6. Qd2 c5 7. O-O-O h6 8. Bh4 g5 9. Bg3 cxd4 10. Nxd4 Qa5 11.
Nf5 Bf8 12. Bc4 Nc5 13. Rhe1 Bxf5 14. exf5 O-O-O 15. Bxf7 Kb8 16. Kb1 Ka8 17. Nd5 Qxd2 18. Rxd2 Nfe4 19. Rde2 Nxg3 20. fxg3 a6 21. Nxe7 Bg7 22.
Nd5 Be5 23. Nc7+ Ka7 24. Ne6 Rc8 25. a3 Na4 26. c3 Bxc3 27. bxc3 Nxc3+ 28. Kb2 Nxe2 29. Rxe2 Rc6 30. Bh5 Rhc8 31. f6 Rb6+ 32. Ka2 Rc3 33.
Rb2 Rbc6 34. f7 1-0

[Event "Late-Titled-Tuesday-Blitz-May-14-2024"]
[Site "Chess.com"]
[Date "2024.05.14"]
[Round "4"]
[White "JM05C"]
[Black "Hirna2005"]
[Result "1-0"]
[WhiteElo "2515"]
[BlackElo "2315"]
[TimeControl "180+1"]
[EndTime "14:38:23 PDT"]
[Termination "JM05C won by resignation"]

1. e4 g6 2. d4 Bg7 3. Nc3 d6 4. h4 h5 5. Nh3 Bxh3 6. Rxh3 Nc6 7. Be3 e5 8. d5 Nce7 9. f3 Nh6 10. Qd2 Qd7 11. O-O-O a6 12. Be2 O-O-O 13. Rhh1 f5 14. Kb1 Nf7 15. g4 hxg4 16. fxg4 f4 17. Bf2 Nh6 18.
Rhg1 g5 19. h5 Kb8 20. a3 Neg8 21. Bf3 Nf6 22. Qe2 Rc8 23. Rd3 Rce8 24. Na2 Kc8 25. Rb3 c5 26. dxc6 bxc6 27. Qxa6+ Kd8 28. Rb8+ Ke7 29.
Rb7 Rb8 30. Rxd7+ Nxd7 31. Qxc6 Rhc8 32. Qd5 Bf6 33. Rd1 Nf7 34. Be2 Nb6 35. Bxb6 Rxb6 36. Bc4 Nd8 37. h6 Rc5 38. Qg8 d5 39. Rxd5 Rxd5 40.
Bxd5 f3 41. Qh7+ Kd6 42. Qf5 1-0

[Event "Late-Titled-Tuesday-Blitz-May-14-2024"]
[Site "Chess.com"]
[Date "2024.05.14"]
[Round "4"]
[White "dropstoneDP"]
[Black "Individoom"]
[Result "1-0"]
[WhiteElo "2959"]
[BlackElo "2796"]
[TimeControl "180+1"]
[EndTime "14:38:27 PDT"]
[Termination "dropstoneDP won by checkmate"]

1. e4 e6 2. d4 d5 3. e5 c5 4. c3 Nc6 5. Nf3 Qb6 6. a3 c4 7. Nbd2 Na5 8. Be2 Bd7 9. Rb1 h6 10. O-O Ne7 11. b4 cxb3 12. Nxb3 Ba4 13. Nfd2 Nec6 14.
Bd3 O-O-O 15. Bc2 Nxb3 16. Bxb3 Bxb3 17. Nxb3 Qc7 18. a4 Kb8 19. Qe2 Be7 20. Be3 Ka8 21. Qa2 Rc8 22. a5 a6 23. Rfc1 Na7 24.
Nd2 Nc6 25. c4 Rhd8 26. cxd5 exd5 27. Nb3 Qd7 28. Nc5 Bxc5 29. Rxc5 Qf5 30. Qb3 Rd7 31. Qb6 Qd3 32. h3 Rdc7 33. Rxd5 Na7 34. Rc5 Rxc5 35.
Qxb7# 1-0

[Event "Late-Titled-Tuesday-Blitz-May-14-2024"]
[Site "Chess.com"]
[Date "2024.05.14"]
[Round "4"]
[White "AlexeiShirov"]
[Black "GoltsevDmitry2000"]
[Result "1-0"]
[WhiteElo "2920"]
[BlackElo "2738"]
[TimeControl "180+1"]
[EndTime "14:38:28 PDT"]
[Termination "AlexeiShirov won by checkmate"]

1. e4 e6 2. d4 d5 3. e5 c5 4. c3 Nc6 5. Nf3 Nge7 6. Bd3 cxd4 7. cxd4 Nf5 8. O-O Nfxd4 9. Nxd4 Nxd4 10. Nc3 a6 11. Re1 Bc5 12. Be3 Ba7 13. Qg4 Nc6 14. Qxg7 Rf8 15. Bh6 Bc5 16. Qxh7 Qh4 17. g3 Qd4 18. Be3 Qb4 19. a3 Qb6 20. Na4 Bxe3 21. Nxb6 Bxb6 22. Rac1 Bd7 23. Qh4 Bd8 24. Qf4 Be7 25. b4 O-O-O 26. b5 axb5 27. Bxb5 f6 28. exf6 Rxf6 29. Qa4 Rdf8 30. Bxc6 Bxc6 31. Rxc6+ bxc6 32. Qxc6+ Kd8 33. Rb1 Bxa3 34. Rb8+ Ke7 35. Rb7+ Kd8 36. Qd7# 1-0

[Event "Late-Titled-Tuesday-Blitz-May-14-2024"]
[Site "Chess.com"]
[Date "2024.05.14"]
[Round "4"]
[White "biostatistician"]
[Black "vugarrasulov"]
[Result "0-1"]
[WhiteElo "2611"]
[BlackElo "2960"]
[TimeControl "180+1"]
[EndTime "14:38:28 PDT"]
[Termination "vugarrasulov won by resignation"]

1. d4 b6 2. e4 Bb7 3. Bd3 e6 4. Nf3 Nf6 5. e5 Nd5 6. O-O c5 7. c4 Nb4 8. Be2 cxd4 9. Nxd4 N8c6 10. Nf3 Ne7 11. Nc3 Ng6 12. Re1 Be7 13. a3 Nc6 14. Bd3 Rc8 15. b4 O-O 16. Bb2 d6 17. exd6 Qxd6 18.
Ne4 Qc7 19. Qc2 Rfd8 20. Rad1 Nce5 21. Nxe5 Nxe5 22. Qc3 f6 23. c5 bxc5 24. Nxc5 Bxc5 25. bxc5 Rd5 26. Bc4 Nxc4 27. Qxc4 Qxc5 28. Qxc5 Rcxc5 29. Rxd5 Bxd5 30. f3 Rc2 31. Bd4 a5 32. a4 Rc4 33.
Bb6 Rxa4 34. Rc1 Ra2 35. Rc7 a4 36. Ra7 a3 37. Bc5 Ra1+ 38. Kf2 a2 39. h4 Rd1 40. h5 a1=Q 0-1

[Event "Late-Titled-Tuesday-Blitz-May-14-2024"]
[Site "Chess.com"]
[Date "2024.05.14"]
[Round "4"]
[White "Gangster-accountant01"]
[Black "ZachHKL"]
[Result "1-0"]
[WhiteElo "2574"]
[BlackElo "2318"]
[TimeControl "180+1"]
[EndTime "14:38:28 PDT"]
[Termination "Gangster-accountant01 won by checkmate"]

1. d4 Nf6 2. g3 e6 3. Nf3 c5 4.
c3 Nc6 5. Bg2 Be7 6. O-O O-O 7.
Nbd2 d5 8. Re1 b6 9. e4 dxe4 10. Ng5 cxd4 11. Ndxe4 Bb7 12. Nxf6+ Bxf6 13. Qh5 h6 14.
Ne4 Be7 15. Rd1 Qc7 16. cxd4 Nb4 17. Bxh6 gxh6 18. Qxh6 Nd5 19. Ng5 Bxg5 20. Qxg5+ Kh7 21. Rac1 Qd7 22. Re1 Rac8 23. Rxc8 Rxc8 24. Re4 Rc1+ 25. Qxc1 Kg7 26. Qg5+ Kf8 27. Rh4 Ne7 28. Rh8+ Ng8 29.
Rxg8# 1-0

[Event "Late-Titled-Tuesday-Blitz-May-14-2024"]
[Site "Chess.com"]
[Date "2024.05.14"]
[Round "4"]
[White "cristianserban1"]
[Black "Adar_07"]
[Result "0-1"]
[WhiteElo "2492"]
[BlackElo "2716"]
[TimeControl "180+1"]
[EndTime "14:38:29 PDT"]
[Termination "Adar_07 won by checkmate"]

1. Nf3 d5 2. e3 Nf6 3. b3 Bg4 4. Bb2 Nc6 5. Be2 Bxf3 6. Bxf3 e5 7. c4 e4 8. Be2 d4 9. exd4 Nxd4 10. O-O c5 11. Re1 Bd6 12. Bxd4 cxd4 13. Bd3 O-O 14. Bxe4 Re8 15. Bf3 Rxe1+ 16. Qxe1 Qa5 17. Qd1 Re8 18. g3 b5 19. Bc6 Re7 20. cxb5 a6 21. a4 axb5 22.
Bxb5 Re5 23. Bc6 Qc7 24. Bf3 Qe7 25. Kg2 Re1 26. Qc2 g5 27. a5 Kg7 28. a6 g4 29. Bc6 Qe2 30. Qc4 d3 31. Nc3 Qf1# 0-1

[Event "Late-Titled-Tuesday-Blitz-May-14-2024"]
[Site "Chess.com"]
[Date "2024.05.14"]
[Round "4"]
[White "Kildepiotr"]
[Black "marik_spb"]
[Result "1-0"]
[WhiteElo "2727"]
[BlackElo "2506"]
[TimeControl "180+1"]
[EndTime "14:38:32 PDT"]
[Termination "Kildepiotr won on time"]

1. Nf3 Nf6 2. g3 g6 3. Bg2 Bg7 4. O-O O-O 5. d4 d5 6. c4 c6 7. Nc3 Be6 8. Ng5 Nbd7 9. Nxe6 fxe6 10. e4 dxe4 11. Bh3 e5 12. d5 Qc7 13. Be3 Rad8 14. Qa4 a6 15. dxc6 Qxc6 16. Qxc6 bxc6 17. Rad1 Kf7 18.
Rd2 e6 19. Rfd1 Ke7 20. Na4 Nd5 21. cxd5 cxd5 22. Bxe6 d4 23. Bxd7 dxe3 24. fxe3 Bh6 25. Rd5 Bxe3+ 26. Kh1 Bd4 27. Bc6 Rxd5 28. Bxd5 e3 29.
Nc3 Rf2 30. Bc4 Rxb2 31. Ne2 Rd2 32. Rxd2 exd2 33. Bb3 Bc5 34. Kg2 Kf6 35. Kf3 Kf5 36.
Nc3 h5 37. Bc2+ Kf6 38. Ne4+ Ke6 39. Nxc5+ Kd5 40. Ne4 Kd4 41. Ke2 g5 42. Kxd2 h4 43.
g4 1-0

[Event "Late-Titled-Tuesday-Blitz-May-14-2024"]
[Site "Chess.com"]
[Date "2024.05.14"]
[Round "4"]
[White "CixPer1968"]
[Black "maracayo"]
[Result "0-1"]
[WhiteElo "2163"]
[BlackElo "2358"]
[TimeControl "180+1"]
[EndTime "14:38:35 PDT"]
[Termination "maracayo won on time"]

1. d4 d6 2. c4 Nf6 3. Nc3 e5 4.
e4 Be7 5. Nf3 Nbd7 6. Be2 O-O 7.
O-O exd4 8. Nxd4 Ne5 9. b3 Re8 10. Bb2 c6 11. Re1 Qc7 12. Qd2 h6 13. h3 Bf8 14.
Bf1 a6 15. Rad1 Bd7 16. g3 c5 17. Nc2 Nf3+ 18. Kh1 Nxd2 19. Rxd2 Bc6 20. Bg2 b5 21. Nd5 Nxd5 22. cxd5 Bd7 23. Ne3 a5 24. f4 a4 25. f5 f6 26. h4 axb3 27. axb3 Ra2 28. g4 Qa5 29. Ree2 Ra8 30. Bf3 Qb4 31. Rd3 c4 32. Nc2 cxd3 33. Nxb4 dxe2 34. Bc3 Ra1+ 35. Kg2 e1=Q 36. Bxe1 Rxe1 0-1

[Event "Late-Titled-Tuesday-Blitz-May-14-2024"]
[Site "Chess.com"]
[Date "2024.05.14"]
[Round "4"]
[White "PNEPaul"]
[Black "NCchamp"]
[Result "0-1"]
[WhiteElo "1919"]
[BlackElo "2306"]
[TimeControl "180+1"]
[EndTime "14:38:35 PDT"]
[Termination "NCchamp won by resignation"]

1. e4 c6 2. d4 d5 3. Nc3 dxe4 4. f3 Nf6 5. fxe4 Bg4 6. Be2 Bxe2 7. Ngxe2 e6 8. O-O Nbd7 9. Bg5 Be7 10. e5 Nd5 11. Bxe7 Qxe7 12. Ne4 O-O 13. c3 Ne3 14. Qd3 Nxf1 15. Rxf1 f5 16. Nd6 b6 17. Qf3 c5 18.
Re1 Rab8 19. Nf4 Rfd8 20. d5 Nf8 21. dxe6 Ng6 22. Nxf5 Qe8 23. Nd6 Qe7 24. Nf5 Qe8 25.
Nd6 Qf8 26. Qd5 Nxf4 27. Qc4 Qe7 28. Qxf4 Qxe6 29. h3 Rf8 30. Qg3 Rbd8 31. Nc4 Qxc4 32. e6 Rde8 0-1

[Event "Late-Titled-Tuesday-Blitz-May-14-2024"]
[Site "Chess.com"]
[Date "2024.05.14"]
[Round "4"]
[White "SpeedofLight0"]
[Black "simaopdias"]
[Result "1-0"]
[WhiteElo "3008"]
[BlackElo "2236"]
[TimeControl "180+1"]
[EndTime "14:38:37 PDT"]
[Termination "SpeedofLight0 won by resignation"]

1. d4 d5 2. Nc3 Nf6 3. Bf4 c6 4. e3 Bf5 5. Bd3 Bxd3 6. cxd3 e6 7. Nf3 Nbd7 8. Qb3 Qb6 9. Qc2 Be7 10. O-O O-O 11. e4 Rfd8 12. Rfe1 Nf8 13. Ne5 N6d7 14. Nxd7 Rxd7 15. Be3 Rad8 16. g3 Bf6 17. Na4 Qa5 18. Nc5 dxe4 19. Nxd7 Rxd7 20. dxe4 Bxd4 21.
a3 e5 22. Rad1 Ne6 23. Kg2 Qd8 24. Bc1 h6 25. h4 Qe7 26. b4 a6 27. Rd3 Qf6 28. Red1 Qg6 29. Rf3 Nf8 30. Rf5 Qe6 31.
h5 Rd6 32. Qe2 Qd7 33. Qg4 Ne6 34. Bxh6 Kf8 35. Bc1 Bb6 36. Rxd6 Qxd6 37. Qg6 Qd7 38. h6 gxh6 39. Bxh6+ Ke8 40. Qg8+ Ke7 41. Rxf7+ 1-0

[Event "Late-Titled-Tuesday-Blitz-May-14-2024"]
[Site "Chess.com"]
[Date "2024.05.14"]
[Round "4"]
[White "Cambek64"]
[Black "PawnEatingZombie"]
[Result "1-0"]
[WhiteElo "2507"]
[BlackElo "2301"]
[TimeControl "180+1"]
[EndTime "14:38:37 PDT"]
[Termination "Cambek64 won on time"]

1. e4 c5 2. Nf3 Nc6 3. Bb5 Nf6 4. Bxc6 dxc6 5. d3 Bg4 6. Nc3 Nd7 7. h3 Bh5 8. Be3 e5 9. g4 Bg6 10. Qe2 Be7 11. O-O-O Qc7 12. Kb1 O-O-O 13. h4 h5 14. g5 Kb8 15. Nd2 Nf8 16. Qf1 Ne6 17. Ne2 b5 18. f3 f5 19. exf5 Bxf5 20. Ng3 g6 21. Nge4 Nd4 22. Qg2 Rhf8 23. c3 Ne6 24.
Nb3 c4 25. dxc4 bxc4 26. Nc1 Nf4 27. Bxf4 exf4 28. Qe2 Bxe4+ 29. Qxe4 Bc5 30. Qxc4 Be3 31. Nb3 Qb6 32. Kc2 Rf5 33. Rxd8+ Qxd8 34. Rd1 Rd5 35. Nd4 Bxd4 36. Rxd4 Qd7 37. Rxd5 cxd5 38. Qxf4+ Kb7 39. Qd4 Qf5+ 40. Qd3 Qf4 41. Qxd5+ Kc7 42. Qe4 Qh2+ 43. Kb3 1-0

[Event "Late-Titled-Tuesday-Blitz-May-14-2024"]
[Site "Chess.com"]
[Date "2024.05.14"]
[Round "4"]
[White "deathadder96"]
[Black "TheBigBadChessDad"]
[Result "1-0"]
[WhiteElo "2874"]
[BlackElo "2283"]
[TimeControl "180+1"]
[EndTime "14:38:38 PDT"]
[Termination "deathadder96 won on time"]

1. e4 e5 2. Nf3 Nc6 3. Bc4 Bc5 4. d3 a6 5. Nc3 Nf6 6. Be3 d6 7. Bxc5 dxc5 8. Nd5 Be6 9. Ne3 Bxc4 10. Nxc4 Qe7 11.
a4 b6 12. O-O O-O 13. g3 Rfe8 14. Ne3 g6 15. Nd2 Qe6 16. f3 Qh3 17. Rf2 Rad8 18. Qf1 Qxf1+ 19. Raxf1 Nd4 20. f4 Nd7 21. f5 g5 22. f6 h6 23. h4 Kh7 24. c3 Ne6 25. Nf3 Kg6 26. hxg5 hxg5 27. Ng4 Nef8 28. Rh2 Nxf6 29.
Rh6+ Kg7 30. Rxf6 Rxd3 31. Nfxe5 Rxg3+ 32. Kh2 Rxg4 33. Rxf7+ Kg8 34. Nxg4 Ng6 35. Rxc7 1-0

[Event "Late-Titled-Tuesday-Blitz-May-14-2024"]
[Site "Chess.com"]
[Date "2024.05.14"]
[Round "4"]
[White "crazycheesecake"]
[Black "MeesvanOsch"]
[Result "0-1"]
[WhiteElo "2143"]
[BlackElo "2354"]
[TimeControl "180+1"]
[EndTime "14:38:39 PDT"]
[Termination "MeesvanOsch won by checkmate"]

1. Nf3 Nf6 2. c4 b6 3. g3 Bb7 4.
Bg2 g6 5. O-O Bg7 6. Nc3 O-O 7.
Re1 Ne4 8. d4 Nxc3 9. bxc3 d6 10. e4 Nc6 11. Qd3 e6 12. Bb2 Qe7 13. Rad1 Na5 14.
Nd2 Ba6 15. Ba3 c5 16. e5 Rac8 17. exd6 Qxd6 18. Ne4 Qe7 19. dxc5 Nxc4 20. Nd6 Rcd8 21. cxb6 axb6 22. Nxc4 Rxd3 23. Bxe7 Rxd1 24. Rxd1 Re8 25.
Nxb6 Rxe7 26. Rd8+ Bf8 27. Nd7 Kg7 28. Nxf8 Rc7 29. Ra8 Bd3 30. a4 Rxc3 31. a5 Rc1+ 32. Bf1 Bxf1 33. h4 Be2+ 34. Kh2 Bf3 35. Ra7 Rh1# 0-1

[Event "Late-Titled-Tuesday-Blitz-May-14-2024"]
[Site "Chess.com"]
[Date "2024.05.14"]
[Round "4"]
[White "DACF2905"]
[Black "carloseduar100"]
[Result "0-1"]
[WhiteElo "2402"]
[BlackElo "2254"]
[TimeControl "180+1"]
[EndTime "14:38:41 PDT"]
[Termination "carloseduar100 won on time"]

1. e4 e6 2. d4 d5 3. exd5 exd5 4. Nf3 Bd6 5. Nc3 Ne7 6. Bd3 O-O 7. O-O Nbc6 8. Re1 a6 9. Bd2 Bf5 10. Bxf5 Nxf5 11. Be3 Re8 12. Qd2 Nh4 13. Nxh4 Qxh4 14.
g3 Qh5 15. Bf4 h6 16. Bxd6 cxd6 17. Qf4 Rad8 18. Rxe8+ Rxe8 19. Qxd6 Nxd4 20. Qxd5 Nf3+ 21. Kg2 Ng5 22. h4 Re5 23. Qxe5 Qf3+ 24. Kg1 Nh3+ 25. Kh2 Nxf2 26. Qe8+ Kh7 27. Rf1 Ng4+ 28. Kg1 Qxg3+ 0-1

[Event "Late-Titled-Tuesday-Blitz-May-14-2024"]
[Site "Chess.com"]
[Date "2024.05.14"]
[Round "4"]
[White "lilylg"]
[Black "Slovineanu"]
[Result "0-1"]
[WhiteElo "2217"]
[BlackElo "2479"]
[TimeControl "180+1"]
[EndTime "14:38:42 PDT"]
[Termination "Slovineanu won by resignation"]

1. d4 Nf6 2. c4 e6 3. Nf3 d5 4.
g3 Be7 5. Bg2 O-O 6. O-O dxc4 7.
Ne5 Nc6 8. Bxc6 bxc6 9. Nxc6 Qe8 10. Nxe7+ Qxe7 11. Qa4 c5 12. Qxc4 cxd4 13. Qxd4 Bb7 14. f3 Rfd8 15. Qf2 Rac8 16. Nc3 Nd5 17. Nxd5 Bxd5 18.
e4 Ba8 19. Be3 a5 20. Rfd1 f5 21. Bb6 Rxd1+ 22. Rxd1 fxe4 23. fxe4 Bxe4 24. Qd4 Bd5 25. Bxa5 h6 26. Bc3 Rc4 27. Qe3 Re4 28. Qf2 Qg5 29. Re1 Qg4 30. Rf1 Re2 31. Qf7+ Kh7 32. Qxg7+ Qxg7 33. Bxg7 Rg2+ 34. Kh1 Rxb2+ 35. Kg1 Rg2+ 36. Kh1 Rxa2+ 37. Kg1 Rg2+ 38. Kh1 Kxg7 39. Rf7+ Kxf7 40. h4 Rxg3+ 41. Kh2 Rb3 42. h5 Kf6 43. Kg1 Kg5 0-1

[Event "Late-Titled-Tuesday-Blitz-May-14-2024"]
[Site "Chess.com"]
[Date "2024.05.14"]
[Round "4"]
[White "protectiago"]
[Black "rhwr"]
[Result "1-0"]
[WhiteElo "2078"]
[BlackElo "2304"]
[TimeControl "180+1"]
[EndTime "14:38:44 PDT"]
[Termination "protectiago won by resignation"]

1. d4 c5 2. d5 Nf6 3. c4 e5 4.
dxe6 fxe6 5. Nc3 Be7 6. e4 d6 7.
g3 O-O 8. Bg2 Nc6 9. Nf3 e5 10.
O-O Nd4 11. Nxd4 cxd4 12. Nd5 Nxd5 13. exd5 Bg5 14. Bxg5 Qxg5 15. f4 exf4 16. Qxd4 fxg3 17. Rxf8+ Kxf8 18. Rf1+ Kg8 19. h4 Qe7 20. Qf4 Bd7 21.
Qxg3 Re8 22. b3 Qe3+ 23. Qxe3 Rxe3 24. Kf2 Re5 25. Re1 Rxe1 26. Kxe1 Bf5 27. b4 b6 28. Kd2 Kf7 29. Kc3 Kf6 30. Kd4 Bb1 31. a4 a5 32. bxa5 bxa5 33. c5 dxc5+ 34. Kxc5 Ke7 35.
Kb5 Kd6 36. Kxa5 Ba2 37. Kb6 h6 38. a5 Bc4 39. a6 Bxa6 40. Kxa6 g5 41. h5 g4 42. Kb5 g3 43. Kc4 Ke5 44. Kc5 Kf4 45. d6 Kg5 46. d7 Kxh5 47. d8=Q Kg4 48. Qg8+ Kf4 49. Qg6 Ke3 50. Qxg3+ 1-0

[Event "Late-Titled-Tuesday-Blitz-May-14-2024"]
[Site "Chess.com"]
[Date "2024.05.14"]
[Round "4"]
[White "katharinareinecke"]
[Black "KatakuriDono"]
[Result "0-1"]
[WhiteElo "1890"]
[BlackElo "2299"]
[TimeControl "180+1"]
[EndTime "14:38:45 PDT"]
[Termination "KatakuriDono won by resignation"]

1. d4 Nf6 2. Nf3 d5 3. g3 g6 4. Bg2 Bg7 5. O-O O-O 6. c4 Nc6 7. cxd5 Nxd5 8. e3 Nb6 9. Nh4 e5 10. d5 Ne7 11. e4 f5 12. Nc3 fxe4 13. Bxe4 Nf5 14. Nxf5 gxf5 15. Bg2 e4 16. Bf4 Bxc3 17. bxc3 Qxd5 18. Qh5 Qf7 19. Qg5+ Qg7 20. Qxg7+ Kxg7 21. Bxc7 Be6 22. a4 Nc4 23. Rfd1 Rac8 24. Bf4 Rfd8 25.
Bf1 b6 26. Bxc4 Bxc4 27. Be5+ Kg6 28. a5 b5 29. a6 Bd3 30. Bd4 Rd7 31. f3 b4 32.
fxe4 fxe4 33. Rac1 b3 34. Rxd3 exd3 35. Rb1 Rb8 36. Kf2 Re7 37. Rd1 b2 38. Rxd3 b1=Q 0-1

[Event "Late-Titled-Tuesday-Blitz-May-14-2024"]
[Site "Chess.com"]
[Date "2024.05.14"]
[Round "4"]
[White "NovakCabarkapa"]
[Black "baki83"]
[Result "1-0"]
[WhiteElo "2774"]
[BlackElo "2918"]
[TimeControl "180+1"]
[EndTime "14:38:46 PDT"]
[Termination "NovakCabarkapa won by resignation"]

1. e4 c5 2. a3 g6 3. Nc3 Bg7 4. Bc4 Nc6 5. d3 e6 6. Ba2 Nge7 7. h4 h6 8. h5 g5 9. f4 gxf4 10. Bxf4 d5 11. Qd2 d4 12. Nce2 Qb6 13. Nf3 e5 14. Bg3 Be6 15. Bxe6 fxe6 16. O-O Bf6 17. c4 dxc3 18.
Qxc3 O-O-O 19. Kh1 Rhg8 20. Nxe5 Bxe5 21. Bxe5 Rg5 22.
Bf6 Rxh5+ 23. Kg1 e5 24. Rf2 Rf8 25. Bxe7 Rxf2 26. Bxc5 Rxe2 27. Bxb6 axb6 28. Kf1 Rh1+ 29. Kxe2 Rxa1 30. b4 Kd7 31. Qxa1 Nd4+ 32. Kf2 1-0

[Event "Late-Titled-Tuesday-Blitz-May-14-2024"]
[Site "Chess.com"]
[Date "2024.05.14"]
[Round "4"]
[White "Kosak12"]
[Black "BabyAnton"]
[Result "1-0"]
[WhiteElo "2768"]
[BlackElo "2545"]
[TimeControl "180+1"]
[EndTime "14:38:47 PDT"]
[Termination "Kosak12 won by resignation"]

1. e4 e6 2. d4 d5 3. Bd3 dxe4 4. Bxe4 Nf6 5. Bf3 c5 6. Ne2 Nc6 7. Be3 cxd4 8. Nxd4 Ne5 9. Nc3 a6 10. Qe2 Qc7 11.
O-O-O Nxf3 12. gxf3 Be7 13. Rhg1 g6 14. Bh6 Bd7 15.
Bg7 Rg8 16. Bxf6 Qf4+ 17. Kb1 Qxf6 18. Nb3 Bc6 19. Ne4 Qe5 20. Rge1 Rd8 21. Rxd8+ Bxd8 22. Qd2 Be7 23. Nd4 Bxe4 24. Rxe4 Qxh2 25. a3 Kf8 26. Nb3 Kg7 27. Qd7 Bf6 28. Nc5 Qh1+ 29. Ka2 Qxf3 30. Nxe6+ Kh6 31. Rf4 Qc6 32. Qxf7 Qd5+ 33.
c4 Qe5 34. Rxf6 1-0

[Event "Late-Titled-Tuesday-Blitz-May-14-2024"]
[Site "Chess.com"]
[Date "2024.05.14"]
[Round "4"]
[White "noret"]
[Black "HajiyevKanan"]
[Result "1-0"]
[WhiteElo "2139"]
[BlackElo "2442"]
[TimeControl "180+1"]
[EndTime "14:38:47 PDT"]
[Termination "noret won by checkmate"]

1. e4 c6 2. d4 d5 3. exd5 cxd5 4.
Bd3 Nc6 5. c3 Qc7 6. h3 Nf6 7.
Nd2 g6 8. Ngf3 Bg7 9. O-O O-O 10. Re1 Bf5 11. Bxf5 gxf5 12. Ne5 e6 13. Ndf3 Ne4 14.
Bf4 Nxe5 15. Nxe5 Qb6 16. Qe2 Rad8 17. a4 Rfe8 18. a5 Qb3 19. Ra3 Nxc3 20. Rxb3 Nxe2+ 21. Rxe2 Re7 22. a6 Bxe5 23. Bxe5 bxa6 24. Bf6 Red7 25.
Bxd8 Rxd8 26. Rb7 Rd6 27. Rxa7 Rb6 28. Kh2 Rc6 29. Rd2 Kg7 30. Kg3 Kf6 31. Kf4 h5 32.
f3 h4 33. Ra8 Kg7 34. Ke5 Kg6 35. Rg8+ Kh7 36. Ra8 Kg6 37. Kf4 Kg7 38. g3 hxg3 39.
Kxg3 f6 40. Kf4 Kf7 41. h4 Rc4 42. Rxa6 e5+ 43. Ke3 f4+ 44. Kf2 e4 45. fxe4 dxe4 46. Re2 f5 47. h5 f3 48. Rd2 f4 49. Ra3 e3+ 50. Rxe3 fxe3+ 51. Kxe3 Kf6 52. Kxf3 Kf5 53.
Ke3 Ra4 54. d5 Ra7 55. d6 Rd7 56. b4 Ke6 57. b5 Rd8 58. d7 Ke7 59. b6 Rxd7 60.
Rxd7+ Kxd7 61. h6 Kc6 62. h7 Kxb6 63. h8=Q Kc5 64. Qd4+ Kb5 65. Ke4 Kc6 66. Qe5 Kb6 67. Qd5 Kc7 68. Kd4 Kb6 69. Kc4 Ka7 70. Qb5 Ka8 71.
Kd5 Ka7 72. Kc6 Ka8 73. Kc7 Ka7 74. Qa5# 1-0

[Event "Late-Titled-Tuesday-Blitz-May-14-2024"]
[Site "Chess.com"]
[Date "2024.05.14"]
[Round "4"]
[White "zverr1"]
[Black "ChEsper99"]
[Result "1-0"]
[WhiteElo "2470"]
[BlackElo "2242"]
[TimeControl "180+1"]
[EndTime "14:38:48 PDT"]
[Termination "zverr1 won by resignation"]

1. d4 d5 2. c4 e6 3. Nf3 Nf6 4. g3 c6 5. Bg2 dxc4 6. O-O b5 7.
Ne5 Bb7 8. a4 a6 9. b3 cxb3 10.
Qxb3 Qxd4 11. Bb2 Qb4 12. Qc2 Qc5 13. Qd3 Nbd7 14. Nxd7 Nxd7 15. Nd2 Nf6 16. Rfc1 Qd6 17. Qxd6 Bxd6 18. Rxc6 Ke7 19. Rb6 Bxg2 20. Kxg2 bxa4 21. Bxf6+ gxf6 22. Rb7+ Kf8 23. Rxa4 a5 24. Nc4 Bb4 25.
Rbxb4 Kg7 26. Rb7 Rhd8 27. Rxa5 Rac8 28. Ne3 Rd2 29. Kf3 Rc1 30. Raa7 1-0

[Event "Late-Titled-Tuesday-Blitz-May-14-2024"]
[Site "Chess.com"]
[Date "2024.05.14"]
[Round "4"]
[White "Romkachess"]
[Black "Boninknights"]
[Result "1-0"]
[WhiteElo "2591"]
[BlackElo "2382"]
[TimeControl "180+1"]
[EndTime "14:38:50 PDT"]
[Termination "Romkachess won by resignation"]

1. e4 c5 2. Nf3 h6 3. d4 cxd4 4.
Nxd4 Nf6 5. Nc3 e5 6. Nf3 Nc6 7. Bc4 a6 8. a4 Bc5 9. Qe2 d6 10. Be3 Bg4 11. h3 Bh5 12. Bxc5 dxc5 13. g4 Bg6 14. Rd1 Qa5 15. O-O O-O 16. Nh4 Nd4 17.
Rxd4 cxd4 18. Nxg6 dxc3 19. Nxf8 Rxf8 20. b3 Qb4 21.
Rd1 b5 22. axb5 axb5 23. Bd5 Kh8 24. h4 Nxd5 25. Rxd5 Ra8 26. Rxb5 Qd4 27. Kg2 Ra2 28.
Rd5 Rxc2 29. Qf3 Qb4 30. Rd8+ 1-0

[Event "Late-Titled-Tuesday-Blitz-May-14-2024"]
[Site "Chess.com"]
[Date "2024.05.14"]
[Round "4"]
[White "emiliocordova"]
[Black "NMJeevanK"]
[Result "1-0"]
[WhiteElo "2907"]
[BlackElo "2723"]
[TimeControl "180+1"]
[EndTime "14:38:51 PDT"]
[Termination "emiliocordova won by checkmate"]

1. d4 d6 2. c4 g6 3. Nc3 Bg7 4. Nf3 Nc6 5. g3 Nf6 6. Bg2 O-O 7. O-O e5 8. dxe5 Nxe5 9. b3 Nxf3+ 10. Bxf3 Bh3 11.
Re1 Ng4 12. Bb2 Rb8 13. e3 Ne5 14. Bg2 Bxg2 15. Kxg2 h5 16. e4 Qd7 17. Nd5 h4 18.
Qe2 h3+ 19. Kh1 Rbe8 20. Rad1 f5 21. f4 Ng4 22. e5 Qc6 23. e6 Bxb2 24. Qxb2 Qc5 25.
Rd2 c6 26. Nc3 a5 27. Na4 Qa7 28. c5 d5 29. Nb6 Rf6 30. Rde2 Qa6 31. Kg1 Qb5 32.
Qd4 Kh7 33. Nd7 Rff8 34. Nxf8+ Rxf8 35. e7 Re8 36. Re6 b6 37. cxb6 c5 38. Qxd5 Qb4 39. R6e2 Qxb6 40. Qf7+ Kh6 41. Re6 Qb4 42. Qxg6# 1-0